 Dungeon Crawl Stone Soup version 0.24-a0-585-g5c5dc1b5cb (webtiles) character file.

Game seed: 286114713438991115, levelgen mode: deterministic

15268 Peloso the Carver (level 11, -6/97 HPs)
             Began as a Minotaur Fighter on Sept 7, 2019.
             Was a High Priest of Okawaru.
             Mangled by a salamander (13 damage)
             ... on level 2 of the Abyss.
             The game lasted 00:31:54 (12618 turns).

Peloso the Carver (Minotaur Fighter)               Turns: 12618, Time: 00:31:54

Health: -6/97      AC: 11    Str: 27    XL:     11   Next: 99%
Magic:  9/11       EV: 16    Int:  5    God:    Okawaru [*****.]
Gold:   646        SH: 15    Dex: 11    Spells: 10/10 levels left

rFire    . . .     SeeInvis .   a - +1 long sword
rCold    . . .     Gourm    .   c - +0 shield
rNeg     . . .     Faith    +   L - +1 ring mail "Vydwakhla" {rCorr Str+4} (curse)
rPois    +         Spirit   .   (helmet restricted)
rElec    .         Reflect  .   R - scarf {cloud immunity}
rCorr    +         Harm     .   (no gloves)
MR       .....                  A - +0 pair of boots
Stlth    +.........             l - amulet of faith
HPRegen  0.26/turn              E - ring of poison resistance
MPRegen  0.12/turn              K - ring of attention (curse)

@: lethally poisoned (-6 -> -6), heroism, hasted (expiring), very quick
A: retaliatory headbutt, horns 2
a: Heroism, Finesse, Renounce Religion


You were on level 2 of the Abyss.
You worshipped Okawaru.
Okawaru was extremely pleased with you.
You were near starving.

You visited 1 branch of the dungeon, and saw 11 of its levels.
You visited the Abyss 1 time.
You also visited: Sewer.

You collected 646 gold pieces.

Inventory:

Hand Weapons
 a - a +1 long sword (weapon)
Armour
 b - a +0 scale mail
 c - a +0 shield (worn)
 j - a +2 cloak
 m - a +0 plate armour
 A - a +0 pair of boots (worn)
 L - the cursed +1 ring mail "Vydwakhla" (worn) {rCorr Str+4}
   (You found it on level 9 of the Dungeon)

   It affects your strength (+4).
   It provides partial protection from all sources of acid and corrosion.
   It has a curse placed upon it.
 R - a scarf of cloud immunity (worn)
Jewellery
 f - an uncursed ring of resist corrosion
 g - an uncursed ring of protection from cold
 l - an amulet of faith (around neck)
 p - a +3 ring of dexterity
 D - an uncursed amulet of guardian spirit
 E - a ring of poison resistance (left hand)
 K - a cursed ring of attention (right hand)
 M - an uncursed ring of protection from fire {unknown}
 P - an uncursed amulet of magic regeneration
 S - an uncursed ring of ice {unknown}
Wands
 o - a wand of iceblast (5)
 t - a wand of disintegration (7)
 u - a wand of random effects (26)
 w - a wand of flame (87)
 B - a wand of acid (15)
 N - a wand of enslavement (10)
Scrolls
 h - 2 scrolls of amnesia
 k - a scroll of identify
 n - 2 scrolls of enchant weapon
 s - 4 scrolls of magic mapping
 v - 2 scrolls of fog {unknown}
 x - 2 scrolls of fear
 F - 2 scrolls of blinking {unknown}
 G - 2 scrolls of remove curse
 J - 2 scrolls of enchant armour {unknown}
Potions
 d - 3 potions of flight
 e - a potion of mutation
 q - a potion of agility
 z - 2 potions of curing
 H - a potion of degeneration {unknown}
 I - a potion of magic {unknown}
 O - 2 potions of brilliance
Miscellaneous
 Q - a crystal ball of energy
Comestibles
 r - 21 rations


   Skills:
 + Level 9.3(14.3) Fighting
 + Level 13.8(18.8) Long Blades
 + Level 10.1(15.1) Armour
 + Level 5.2(10.2) Dodging
 + Level 1.3(6.3) Stealth
 + Level 12.2(17.2) Shields
 + Level 2.0 Invocations
 + Level 0.1 Evocations


You had 10 spell levels left.
You didn't know any spells.
Your spell library contained the following spells:

 Spells                   Type           Power        Failure   Level  Hunger
 Animate Skeleton         Necr           N/A          56%         1    ##.....
 Apportation              Tloc           #.....       56%         1    ##.....
 Confusing Touch          Hex            #.....       56%         1    ##.....
 Corona                   Hex            #......      56%         1    ##.....
 Magic Dart               Conj           #...         56%         1    ##.....
 Sandblast                Erth           #.....       56%         1    ##.....
 Summon Small Mammal      Summ           #...         56%         1    ##.....
 Passwall                 Tmut/Erth      #.......     71%         2    ###....
 Searing Ray              Conj           #.....       71%         2    ###....
 Slow                     Hex            #.......     71%         2    ###....
 Dazzling Spray           Conj/Hex       #.....       91%         3    ####...
 Inner Flame              Hex/Fire       #.......     91%         3    ####...
 Portal Projectile        Hex/Tloc       #.....       91%         3    ####...
 Recall                   Summ/Tloc      N/A          91%         3    ####...
 Stone Arrow              Conj/Erth      #.....       91%         3    ####...
 Cause Fear               Hex            #.........   100%        4    #####..
 Force Lance              Conj/Tloc      #.......     100%        4    #####..
 Fulminant Prism          Conj/Hex       #.........   100%        4    #####..
 Iskenderun's Mystic Bla  Conj           #.......     100%        4    #####..
 Leda's Liquefaction      Hex/Erth       #.........   100%        4    #####..
 Petrify                  Tmut/Erth      #.......     100%        4    #####..
 Aura of Abjuration       Summ           #.........   100%        5    ######.
 Lee's Rapid Deconstruct  Erth           #.........   100%        5    ######.
 Summon Demon             Summ           #.........   100%        5    ######.
 Summon Forest            Summ/Tloc      #.........   100%        5    ######.
 Summon Mana Viper        Hex/Summ       #.......     100%        5    ######.
 Shadow Creatures         Summ           N/A          100%        6    #######


Dungeon Overview and Level Annotations

Branches:
Dungeon (11/15)            Temple (0/1) D:7           Sewer (visited)
   Lair: D:8-11         Orc: D:9-12

Altars:
Ashenzari
Dithmenos
Elyvilon
Hepliaklqana
Kikubaaqudgha
Nemelex Xobeh
Okawaru
Qazlal
Sif Muna
Trog
Vehumet
Wu Jian
The Shining One


Innate Abilities, Weirdness & Mutations

You reflexively headbutt those who attack you in melee.
You have a pair of horns on your head.


Message History

You resist with some effort. The salamander closely misses you.
You furiously retaliate!
You headbutt the salamander!
You riposte.
You hit the salamander but do no damage.
The salamander is lightly wounded.
The guardian serpent coils itself and waves its upper body at you.
The bolt of poison hits you but does no damage.
You resist.
The bolt of poison hits the naga!
You miss the guardian serpent.
The guardian serpent is severely wounded.
You block the naga mage's attack. x2; The naga misses you.
You furiously retaliate!
You headbutt the naga. You block the naga's attack.
Unknown command.
You hit the guardian serpent.
Your headbutt misses the guardian serpent.
The guardian serpent is severely wounded.
The guardian serpent closely misses you.
You block the naga's attack. x2; The salamander hits you.
* * * LOW HITPOINT WARNING * * *
You are engulfed in flames!
You die...

#.# .#
####.#
#%..§#
#..§.#
####..?.###
#..§......#
#...NS....#
##...@N§..#
###.NN##.#
. #.".#
.### #.
#........##
... ##.##.#
.#.##..#
..#.#.#.#
.. . #.###.
##.# .#.. #
#..#..... #
..#...#


You could see a salamander, a guardian serpent, a naga mage and 2 nagas.

Vanquished Creatures
  A wretched star (Abyss:2)
  3 ugly things
  A smoke demon (Abyss:2)
  An elephant (D:11)
  Psyche (D:8)
  An ancient zyme (Abyss:2)
  2 trolls
  2 hornets (D:10)
  Grinder (D:3)
  A raiju (Abyss:2)
  Prince Ribbit (D:6)
  A hippogriff (D:10)
  3 small abominations (Abyss:2)
  A spriggan (D:9)
  A water elemental (D:11)
  Eustachio (D:4)
  15 yaks
  A chaos spawn (Abyss:2)
  A hungry ghost (D:2)
  A basilisk (D:10)
  Menkaure (D:5)
  Edmund (D:4)
  Duvessa (D:4)
  Purgy (D:3)
  5 ice beasts
  2 orc warriors
  2 phantoms
  7 ogres
  2 sky beasts
  4 centaurs
  2 crocodiles (D:11)
  7 bullfrogs
  3 big kobolds
  A gnoll sergeant (D:8)
  Dowan (D:4)
  A wyvern zombie (D:8)
  5 scorpions
  2 water moccasin skeletons
  14 killer bees
  6 wights
  3 bullfrog zombies
  4 howler monkeys
  4 crimson imps
  A gnoll shaman (D:8)
  3 centaur zombies
  9 orc priests
  8 hounds
  2 jellies
  6 quasits
  3 bullfrog skeletons
  2 centaur skeletons
  An iron imp (Abyss:2)
  4 iguanas
  Ijyb (D:3)
  Natasha (thrice) (D:3)
  10 orc wizards
  12 worker ants
  6 big kobold zombies (Sewer)
  A hound zombie (D:6)
  5 worker ant zombies
  Robin (D:3)
  14 gnolls
  14 adders
  9 shadow imps
  A white imp (Abyss:2)
  2 oozes
  An ufetubus (Abyss:2)
  An adder skeleton (D:4)
  2 adder zombies
  2 worms
  4 dart slugs
  5 leopard geckos
  45 orcs
  5 giant cockroaches
  19 goblins
  5 hobgoblins
  8 jackals
  34 kobolds
  2 quokkas
  3 ball pythons
  A ball python skeleton (D:5)
  12 bats
  2 frilled lizards
  2 goblin skeletons (D:8)
  A goblin zombie (D:8)
  3 hobgoblin zombies (D:8)
  2 kobold skeletons (D:8)
  3 kobold zombies
  A leopard gecko skeleton (D:6)
  An orc skeleton (D:8)
  An orc zombie (D:8)
  2 quokka skeletons
  6 rats
410 creatures vanquished.

Vanquished Creatures (others)
  2 oozes (Sewer)
  A kobold zombie (Sewer)
  2 starspawn tentacles (Abyss:2)
5 creatures vanquished.

Grand Total: 415 creatures vanquished

Notes
Turn   | Place    | Note
-------+----------+-------------------------------------------
     0 | D:1      | Peloso the Minotaur Fighter began the quest for the Orb.
     0 | D:1      | Reached XP level 1. HP: 19/19 MP: 0/0
   343 | D:1      | Reached XP level 2. HP: 23/27 MP: 1/1
   873 | D:2      | Noticed a hungry ghost
   876 | D:2      | Reached skill level 3 in Long Blades
   887 | D:2      | Killed a hungry ghost
   887 | D:2      | Reached XP level 3. HP: 20/34 MP: 2/2
   887 | D:2      | Reached XP level 4. HP: 25/41 MP: 3/3
   887 | D:2      | Reached XP level 5. HP: 28/47 MP: 4/4
   927 | D:2      | Reached skill level 4 in Long Blades
   989 | D:2      | Found a shimmering blue altar of Sif Muna.
  1065 | D:2      | Reached skill level 5 in Armour
  1151 | D:2      | Found a stormy altar of Qazlal.
  1152 | D:2      | Noticed a water elemental
  1152 | D:2      | Noticed an air elemental
  1152 | D:2      | Noticed a fire elemental
  1198 | D:2      | Noticed a centaur
  1213 | D:2      | Killed a centaur
  1213 | D:2      | Reached skill level 1 in Dodging
  1213 | D:2      | Reached XP level 6. HP: 35/53 MP: 5/5
  2100 | D:3      | Noticed Natasha
  2105 | D:3      | Killed Natasha
  2105 | D:3      | Reached skill level 5 in Long Blades
  2284 | D:3      | Reached skill level 5 in Fighting
  2306 | D:3      | Noticed Ijyb
  2324 | D:3      | Killed Ijyb
  2350 | D:3      | Reached XP level 7. HP: 42/61 MP: 6/6
  2371 | D:3      | Noticed Natasha
  2377 | D:3      | Killed Natasha
  2429 | D:3      | Identified the +0 helmet "Ijetre" {rElec rPois rF+ Str-3}
  2429 | D:3      | Noticed Robin
  2436 | D:3      | Killed Robin
  2448 | D:3      | Reached skill level 5 in Shields
  2587 | D:3      | Reached skill level 6 in Long Blades
  2619 | D:3      | Noticed Natasha
  2629 | D:3      | Killed Natasha
  2799 | D:3      | Noticed Grinder
  2810 | D:3      | Paralysed by Grinder for 5 turns
  2834 | D:3      | Killed Grinder
  3277 | D:3      | Noticed Purgy
  3291 | D:3      | Killed Purgy
  3291 | D:3      | Reached skill level 7 in Long Blades
  3378 | D:4      | Reached XP level 8. HP: 69/69 MP: 7/7
  3594 | D:4      | Noticed Eustachio
  3620 | D:4      | Killed Eustachio
  3657 | D:4      | Noticed Duvessa
  3660 | D:4      | Noticed Dowan
  3757 | D:4      | Killed Duvessa
  3760 | D:4      | Killed Dowan
  3760 | D:4      | Reached skill level 8 in Long Blades
  3928 | D:4      | Noticed Edmund
  3937 | D:4      | Killed Edmund
  4105 | D:5      | Entered Level 5 of the Dungeon
  4152 | D:6      | Found a shadowy altar of Dithmenos.
  4232 | D:6      | Reached XP level 9. HP: 45/75 MP: 8/8
  4273 | D:6      | Noticed Prince Ribbit
  4274 | D:6      | Reached skill level 9 in Long Blades
  4298 | D:6      | Killed Prince Ribbit
  4461 | D:6      | Found a glowing drain.
  4471 | Sewer    | Entered a sewer
  4704 | Sewer    | Found a burning altar of Makhleb.
  5125 | D:5      | Reached skill level 10 in Long Blades
  5126 | D:5      | Noticed Menkaure
  5134 | D:5      | Killed Menkaure
  5501 | D:5      | Found a sparkling altar of Nemelex Xobeh.
  5516 | D:5      | Found a hazy altar of Hepliaklqana.
  5518 | D:5      | Found an iron altar of Okawaru.
  5521 | D:5      | Found a shattered altar of Ashenzari.
  5523 | D:5      | Found a bloodstained altar of Trog.
  5526 | D:5      | Became a worshipper of Warmaster Okawaru
  5792 | D:5      | Found an ornate altar of the Wu Jian Council.
  5926 | D:7      | Reached * piety under Okawaru
  6006 | D:7      | Found a white marble altar of Elyvilon.
  6183 | D:7      | Found a staircase to the Ecumenical Temple.
  6268 | D:7      | Noticed a troll
  6277 | D:6      | Reached skill level 11 in Long Blades
  6286 | D:6      | Killed a troll
  6286 | D:6      | Reached XP level 10. HP: 44/86 MP: 9/9
  6774 | D:7      | Found an ancient bone altar of Kikubaaqudgha.
  6950 | D:8      | Reached ** piety under Okawaru
  7090 | D:8      | Found a glowing golden altar of the Shining One.
  7214 | D:8      | Got a translucent emerald amulet
  7408 | D:8      | Identified the amulet of the Secret Emperors {+Rage MP+9
                  | Int+2} (You found it on level 8 of the Dungeon)
  7428 | D:8      | Noticed Psyche
  7436 | D:8      | Killed Psyche
  7465 | D:8      | Reached *** piety under Okawaru
  7788 | D:9      | Got a black opal-encrusted ring mail
  7799 | D:9      | Identified the cursed +1 ring mail "Vydwakhla" {rCorr
                  | Str+4} (You found it on level 9 of the Dungeon)
  7805 | D:9      | Reached skill level 10 in Shields
  7853 | D:9      | Reached skill level 1 in Stealth
  8316 | D:9      | Reached **** piety under Okawaru
  8352 | D:9      | Reached skill level 12 in Long Blades
  8821 | D:10     | Entered Level 10 of the Dungeon
  9213 | D:9      | Reached skill level 1 in Invocations
  9310 | D:9      | Reached XP level 11. HP: 54/94 MP: 10/10
  9863 | D:10     | Found a shadowy altar of Dithmenos.
  9889 | D:10     | Reached ***** piety under Okawaru
 10016 | D:10     | Found a bloodstained altar of Trog.
 10210 | D:11     | Noticed a cyan ugly thing
 10290 | D:11     | Killed a cyan ugly thing
 10427 | D:11     | Received a gift from Okawaru
 10715 | D:11     | Reached skill level 13 in Long Blades
 10773 | D:11     | Found a radiant altar of Vehumet.
 10891 | D:11     | Noticed a red ugly thing
 10903 | D:11     | HP: 1/95 [red ugly thing (18)]
 10906 | D:11     | Killed a red ugly thing
 10906 | D:11     | Reached skill level 10 in Armour
 11563 | D:11     | Noticed a wizard
 11564 | D:11     | Noticed a purple ugly thing
 11752 | D:10     | Killed a purple ugly thing
 11992 | D:11     | Cast into level 2 of the Abyss (a wizard)
 12150 | Abyss:2  | Noticed a thrashing horror
 12263 | Abyss:2  | Noticed a two-headed ogre
 12263 | Abyss:2  | a redback changed into a two-headed ogre
 12291 | Abyss:2  | Noticed a tentacled starspawn
 12300 | Abyss:2  | Noticed a thrashing horror
 12305 | Abyss:2  | Reached skill level 5 in Dodging
 12530 | Abyss:2  | Noticed a wretched star
 12556 | Abyss:2  | Noticed a large abomination
 12597 | Abyss:2  | Noticed a wretched star
 12613 | Abyss:2  | Killed a wretched star
 12618 | Abyss:2  | Mangled by a salamander

Levels and vault maps discovered:
D:1:      dpeg_arrival_concentric_ovals, layout_basic
D:2:      layout_loops_cross, nicolae_qazlal_style_of_elements, first_ration,
          lemuel_blue_sif_altar
D:3:      layout_basic, uniq_robin, uniq_ijyb, uniq_purgy, uniq_natasha,
          uniq_grinder
D:4:      layout_loops_ring, uniq_duvessa, uniq_eustachio, uniq_edmund
D:5:      layout_rooms, kennysheep_little_box, minitemple, nrook_mini_vaults,
          uniq_menkaure
D:6:      layout_rooms, nicolae_dithmenos_the_darkroom,
          cheibrodos_sewer_entry_drain, uniq_prince_ribbit1
D:7:      layout_basic, old_standard_altar, lemuel_coloured_pillars_altar,
          minmay_temple_entry_offerings
D:8:      layout_loops_cross, nicolae_tso_besieged_by_evil, uniq_psyche
D:9:      layout_gridville, grunt_pizzeria
D:10:     layout_cross, hangedman_feature_mirror
D:11:     layout_basic, david_lair_generic, basic_altar
Abyss:2:  evilmike_abyss_exit_vortex, hangedman_abyss_or_decor_lesser_grid,
          evilmike_abyss_exit_1, onia_ninara_dug_in_and_dangerous,
          hangedman_decor_peaks_small, hangedman_abyss_sting

Skill      XL: |  1  2  3  4  5  6  7  8  9 10 11 |
---------------+----------------------------------+-----
Fighting       | 4 5 6 7 8 9 |  9.3
Long Blades    | 3 4 5 7 8 11 12 13 | 13.8
Armour         | 4 5 6 7 8 9 10 | 10.1
Shields        | 4 5 7 8 10 12 | 12.2
Dodging        | 1 2 3 5 |  5.2
Stealth        | 1 |  1.3
Invocations    | 1 2 |  2.0
Evocations     | |  0.1

Action                   |  1- 3 |  4- 6 |  7- 9 | 10-12 || total
-------------------------+-------+-------+-------+-------++-------
Melee: Long sword        |    38 |   147 |   514 |   714 ||  1413
       Headbutt          |     4 |    37 |   135 |   199 ||   375
Invok: Heroism           |       |       |       |     6 ||     6
Evoke: Wand              |       |       |     1 |     2 ||     3
  Use: Scroll            |       |     4 |       |    11 ||    15
       Potion            |       |       |     1 |    13 ||    14
  Eat: Ration            |     1 |       |       |     1 ||     2
       Chunk             |       |     5 |    13 |    16 ||    34
Armor: Scale mail        |    31 |    83 |    43 |       ||   157
       Plate armour      |       |       |   224 |   108 ||   332
       Ring mail         |       |       |       |   114 ||   114
Dodge: Dodged            |    14 |    62 |   140 |   237 ||   453
Block: Shield            |    21 |    87 |   295 |   451 ||   854
       Rpst.: Long sword |     2 |    10 |    31 |    65 ||   108

Table legend:
 A = Non-vault XP
 B = Vault XP
 C = Vault XP percentage of total XP
 D = Non-vault monster count
 E = Vault monster count
 F = Vault count percentage of total count
                 A         B        C        D         E       F
            +---------+---------+-------+---------+---------+-------
      Total |   18229 |    3583 |  16.4 |     336 |      74 |  18.0
            +---------+---------+-------+---------+---------+-------
        D:1 |      82 |       0 |   0.0 |      18 |       0 |   0.0
        D:2 |     451 |       0 |   0.0 |      33 |       0 |   0.0
        D:3 |     326 |     522 |  61.6 |      38 |      17 |  30.9
        D:4 |     361 |     594 |  62.2 |      16 |       4 |  20.0
        D:5 |     718 |     169 |  19.1 |      25 |       1 |   3.8
        D:6 |    1333 |     262 |  16.4 |      21 |       3 |  12.5
        D:7 |     892 |       0 |   0.0 |      18 |       0 |   0.0
        D:8 |    1681 |     432 |  20.4 |      46 |      13 |  22.0
        D:9 |    2321 |     211 |   8.3 |      34 |       1 |   2.9
       D:10 |    2832 |     176 |   5.9 |      35 |       1 |   2.8
       D:11 |    4806 |     539 |  10.1 |      40 |       2 |   4.8
    Abyss:2 |    2426 |     271 |  10.0 |      12 |       1 |   7.7
      Sewer |       0 |     407 | 100.0 |       0 |      31 | 100.0
            +---------+---------+-------+---------+---------+-------
